 Dungeon Crawl Stone Soup version 0.29.1-1-gd02db6906a (webtiles) character file.

Game seed: 1012754492330631737

153 QueenGhuleh the Chopper (level 5, -16/70 HPs)
             Began as a Minotaur Berserker on Oct 4, 2022.
             Was a Believer of Trog.
             Demolished by an ogre
             ... wielding a +0 giant spiked club
              (26 damage)
             ... on level 4 of the Dungeon.
             The game lasted 00:06:22 (2887 turns).

QueenGhuleh the Chopper (Minotaur Berserker)        Turns: 2887, Time: 00:06:24

Health: -16/70     AC:  5    Str: 24    XL:     5   Next: 12%
Magic:  4/4        EV: 11    Int:  4    God:    Trog [**....]
Gold:   186        SH:  0    Dex:  9    Spells: 4/4 levels left

rFire   . . .      SeeInvis .   a - +0 hand axe
rCold   . . .      Faith    .   (no shield)
rNeg    . . .      Spirit   .   c - +0 ring mail
rPois   .          Reflect  .   (helmet restricted)
rElec   .          Harm     .   (no cloak)
rCorr   .          Rampage  .   (no gloves)
Will    .....                   (no boots)
Stlth   ..........              (no amulet)
HPRegen 0.21/turn               (no ring)
MPRegen 0.09/turn               (no ring)

@: berserking, very quick
A: horns 2, retaliatory headbutt
a: Renounce Religion, Berserk, Trog's Hand


You were on level 4 of the Dungeon.
You worshipped Trog.
Trog was pleased with you.
You visited 1 branch of the dungeon, and saw 4 of its levels.

You collected 186 gold pieces.

Inventory:

Hand Weapons
 a - a +0 hand axe (weapon)
Armour
 c - a +0 ring mail (worn)
Jewellery
 p - a ring of flight
Scrolls
 d - a scroll of noise {unknown}
 e - 2 scrolls of teleportation {unknown}
 g - a scroll of immolation {unknown}
 i - 3 scrolls of identify {unknown}
 k - 2 scrolls of fear {unknown}
 l - 2 scrolls of magic mapping {unknown}
Potions
 b - a potion of invisibility {unknown}
 f - a potion of lignification {unknown}
 h - a potion of ambrosia {unknown}
 j - a potion of haste {unknown}
 m - a potion of might {unknown}
 n - a potion of brilliance {unknown}
 o - a potion of resistance {unknown}


   Skills:
 + Level 4.4 Fighting
 + Level 6.0 Axes
 + Level 3.1 Armour
 + Level 2.5 Dodging
 + Level 0.2 Stealth


You had 4 spell levels left.
You didn't know any spells.
Your spell library was empty.

Dungeon Overview and Level Annotations

Branches:
Dungeon (4/15)
 Temple: D:4-7

Altars:
The Shining One

Shops:
D:3 !


Innate Abilities, Weirdness & Mutations

You have a pair of horns on your head.
You reflexively headbutt those who attack you in melee.


Message History

An ogre comes into view. It is wielding a +0 giant spiked club.
A ball python comes into view.
The ball python hisses angrily.
The ogre barely misses you.
You slash the ogre! Your headbutt misses the ogre.
The ogre is moderately wounded.
A hound comes into view.
You hit the ogre.
The ogre is moderately wounded.
The ogre hits you with a +0 giant spiked club.
An orc comes into view. It is wielding a +0 dagger.
A goblin comes into view. It is wielding a +0 club.
The goblin shouts!
You hit the ogre but do no damage.
The ogre is moderately wounded.
The ogre hits you with a +0 giant spiked club!
A hobgoblin comes into view.
You completely miss the ogre.
The ogre is moderately wounded.
You barely miss the ogre.
The hobgoblin shouts!
The ogre closely misses you.
You hit the ogre. You headbutt the ogre!
The ogre is almost dead.
You hit the ogre. You closely miss the ball python.
The ball python barely misses you. You furiously retaliate!
You headbutt the ball python, but do no damage.
The ball python misses you.
The ogre hits you with a +0 giant spiked club!!
Ouch! That really hurt!
* * * LOW HITPOINT WARNING * * *
The hound bites you.
* * * LOW HITPOINT WARNING * * *
A red film seems to cover your vision as you go berserk!
You feel yourself moving faster!
You feel mighty! The ball python misses you. You furiously retaliate!
You headbutt the ball python.
You kill the ball python!
Trog accepts your kill.
The ogre hits you with a +0 giant spiked club!!
You die...

#..#. .....#
#.... .....#. #.
#............
##.##....#g......
.........#....g..
#................
#.......†Oh..o.#
..<......@O...#
.............##
...........#.#
#..###<...# # #
#......#
#..?...##
###...## #.### ##


You could see 2 ogres, a hound, an orc, a hobgoblin and a goblin.

Vanquished Creatures
  Jessica (D:2)
  Robin (D:3)
  5 adders
  An ufetubus (D:3)
  An orc (D:2)
  8 endoplasms
  A giant cockroach (D:2)
  13 goblins
  5 hobgoblins
  6 jackals (D:1)
  9 kobolds
  4 ball pythons
  2 bats (D:1)
  7 rats
64 creatures vanquished.

Vanquished Creatures (others)
  2 demonic plants (D:1)
2 creatures vanquished.

Grand Total: 66 creatures vanquished

Notes
Turn   | Place    | Note
-------+----------+-------------------------------------------
     0 | D:1      | QueenGhuleh the Minotaur Berserker began the quest for the
                  | Orb.
     0 | D:1      | Reached XP level 1. HP: 19/19 MP: 0/0
   275 | D:1      | Reached XP level 2. HP: 27/27 MP: 1/1
   438 | D:1      | Reached skill level 4 in Axes
   634 | D:1      | Found a faded altar of an unknown god.
   815 | D:2      | Reached XP level 3. HP: 25/33 MP: 2/2
  1254 | D:2      | Noticed Jessica
  1264 | D:2      | Killed Jessica
  1265 | D:2      | Reached skill level 5 in Axes
  1265 | D:2      | Reached XP level 4. HP: 22/40 MP: 3/3
  1713 | D:2      | Found a glowing golden altar of the Shining One.
  2206 | D:3      | Noticed Robin
  2213 | D:3      | Reached ** piety under Trog
  2216 | D:3      | Killed Robin
  2218 | D:3      | Reached XP level 5. HP: 26/47 MP: 4/4
  2565 | D:3      | Reached skill level 6 in Axes
  2673 | D:3      | Found Baukh's Distillery.
  2878 | D:4      | Noticed an ogre
  2879 | D:4      | Noticed an ogre
  2887 | D:4      | Demolished by an ogre

Illustrated notes

Levels and vault maps discovered:
D:1:      psy_arrival_spokes, layout_basic,
          dreamdust_ecumenical_altar_sealed_demon, roderic_serpentine_path,
          serial_park_tiny_pond
D:2:      layout_basic, basic_altar, uniq_jessica
D:3:      layout_loops_ring, serial_shops, nicolae_shop_hallway_plus,
          minmay_misc_feat_more_columns, uniq_robin
D:4:      layout_cave_pools, uniq_menkaure, uniq_sigmund, uniq_blork_the_orc

Skill      XL: |  1  2  3  4  5 |
---------------+----------------+-----
Fighting       | 4 |  4.4
Axes           | 4 5 6 |  6.0
Armour         | 3 |  3.1
Dodging        | |  2.5
Stealth        | |  0.2

Action                   |  1- 3 |  4- 6 || total
-------------------------+-------+-------++-------
Melee: Hand axe          |    66 |    61 ||   127
       Headbutt          |     6 |    11 ||    17
       Punch             |       |     1 ||     1
Invok: Berserk           |     2 |     1 ||     3
Armor: Ring mail         |    29 |    14 ||    43
Dodge: Dodged            |    48 |    31 ||    79
